AoeStats
← WkxvII5228

Arena

507602033Analyzed
1v1 RM · 13d ago on Sep 19, 2026· 65m 37s· 2 players
Game mode
Random Map
Map size
Tiny (2 player)
Population
200
Speed
Normal
Resources
Standard
Victory
Conquest
Starting age
Dark Age
Ending age
Imperial Age
RankedLock teamsTeams togetherTeam positionsShared explorationLock speedFull tech treeHidden civsTurbo modeCheats
Victory
Defeat
🇧🇷 Romans · Brazil
1318
+15
🇺🇸 Armenians · United States
1302
-15
Daarth Vader
10:04 Feudal Age
13:48 Castle Age
12:09 Double-Bit Axe
13:34 Gold Mining
19:10 Bow Saw
23:44 Wheelbarrow
24:21 Gold Mining
25:17 Loom
26:59 Sanctity
26:51 Fervor
26:59 Hand Cart
26:30 Town Watch
27:23 Stone Mining
28:12 Gold Shaft Mining
33:33 Imperial Age
31:29 Scale Mail Armor
31:47 Forging
31:59 Man-at-Arms
32:25 Gambesons
32:41 Squires
32:58 Chain Mail Armor
33:40 Iron Casting
32:56 Long Swordsman
33:45 Horse Collar
33:38 Two-Handed Swordsman
34:26 Fereters
34:41 Conscription
35:26 Plate Mail Armor
35:57 Blast Furnace
34:31 Capped Ram
34:36 Champion
37:30 Heavy Plow
42:25 Fletching
45:20 Bodkin Arrow
52:53 Arson
54:19 Siege Ram
60:58 Bracer
WkxvII5228
10:26 Feudal Age
12:17 Loom
14:51 Castle Age
13:33 Double-Bit Axe
13:33 Horse Collar
21:17 Wheelbarrow
22:23 Bow Saw
22:22 Heavy Plow
25:38 Gold Mining
29:06 Imperial Age
26:55 Hand Cart
26:28 Town Watch
26:39 Man-at-Arms
27:19 Squires
27:36 Forging
27:29 Scale Mail Armor
28:40 Gold Shaft Mining
28:00 Long Swordsman
28:11 Pikeman
29:17 Chain Mail Armor
29:39 Iron Casting
29:42 Town Patrol
30:06 Stone Mining
31:22 Blast Furnace
29:50 Legionary
30:46 Devotion
31:21 Conscription
31:29 Capped Ram
33:23 Siege Ram
34:55 Comitatenses
35:01 Heavy Scorpion
37:49 Fortified Wall
37:50 Masonry
37:21 Sappers
39:03 Crop Rotation
39:49 Ballistics
40:04 Architecture
39:52 Elite Centurion
43:44 Ballistas
44:52 Padded Archer Armor
44:46 Fletching
45:19 Ballistics
46:00 Chemistry
45:08 Siege Engineers
47:32 Bodkin Arrow
47:57 Leather Archer Armor
47:49 Scale Barding Armor
47:13 Pikeman
47:51 Murder Holes
49:28 Halberdier
52:26 Ring Archer Armor
52:20 Chain Barding Armor
64:23 Guilds
Connection lost

Rejoining the realm…

Still unreachable

The connection could not be restored.

Session expired

The server has moved on; the page needs a fresh start.